[Event "NJSK 2022 Jeugd C"]
[Site "Almelo, Netherlands"]
[Date "2022.05.04"]
[Round "5.5"]
[White "Madularea, David"]
[Black "Dekker, Thiemen"]
[Result "1/2-1/2"]
[TimeControl "90min + 30sec/move"]
[WhiteElo "1774"]
[BlackElo "1935"]

1. e4 e5 2. Nf3 Nc6 3. Bb5 f5 4. Nc3 fxe4 5. Nxe4 Nf6 6. Qe2 d5 7. Nxf6+ gxf6 8. O-O Qd6 9. d4 e4 10.
Nh4 Be6 11. g3 O-O-O 12. c3 Be7 13. b4 Bh3 14. Ng2 h5 15. a4 h4 16. Bf4 Qe6 17. Bxc6 Qxc6 18. b5 Qe6 19. a5 Bd6 20.
Bxd6 Qxd6 21. Rfb1 Rdg8 22. b6 a6 23. bxc7 Bxg2 24. Kxg2 hxg3 25. hxg3 Qxc7 26. Rh1 Rxh1 27. Rxh1 Qxa5 28.
Qh5 Kb8 29. Qf7 Rc8 30. Rb1 b5 31. Qxf6 Ka7 1/2-1/2

[Event "NJSK 2022 Jeugd C"]
[Site "Almelo, Netherlands"]
[Date "2022.05.04"]
[Round "5.6"]
[White "Kurt, Sascha"]
[Black "Folkers, Sono"]
[Result "1-0"]
[TimeControl "90min + 30sec/move"]
[WhiteElo "1834"]
[BlackElo "1519"]

1. e4 e6 2. d4 d5 3. Nd2 Nf6 4. e5 Nfd7 5. f4 c5 6. c3 Nc6 7. Ndf3 Qb6 8. g3 cxd4 9. cxd4 Bb4+ 10.
Kf2 f6 11. Be3 Qc7 12. Bd3 fxe5 13. Nxe5 Ndxe5 14. fxe5 Rf8+ 15. Kg2 g6 16. Nf3 Bd7 17. Ng5 O-O-O 18. Nxh7 Rg8 19. Nf6 Rg7 20.
Bh6 Re7 21. a3 Ba5 22. b4 Bb6 23. Rc1 Bxd4 24. Nxd7 Qxd7 25. b5 Rf7 26. Bf4 g5 27. bxc6 Qe7 28. cxb7+ Kxb7 29. Rb1+ Bb6 30. Be3 Rdf8 31. Qb3 Rf2+ 32. Kg1 Qf7 33. Bxb6 Ka8 34. Qa4 g4 35.
Qc6+ 1-0

[Event "NJSK 2022 Jeugd C"]
[Site "Almelo, Netherlands"]
[Date "2022.05.04"]
[Round "5.7"]
[White "Fallaux, Storm"]
[Black "Zecha, Oscar"]
[Result "1-0"]
[TimeControl "90min + 30sec/move"]
[WhiteElo "1459"]
[BlackElo "1826"]

1. e4 e5 2. Nf3 Nc6 3. Bc4 Bc5 4. c3 Nf6 5. d3 d6 6. O-O O-O 7. Be3 Bb6 8. Re1 Ne7 9. Nbd2 Ng6 10.
h3 c6 11. d4 exd4 12. cxd4 d5 13. exd5 Nxd5 14. Bxd5 Qxd5 15. Qb3 Be6 16. Qxd5 Bxd5 17. Ne5 Rad8 18. Nxg6 hxg6 19. b3 Be6 20.
Nf3 Rd5 21. a4 a6 22. b4 Rfd8 23. Rac1 f6 24. Kh2 Kf7 25. g4 Rh8 26. Kg2 Rdd8 27. d5 Bxd5 28. Bxb6 Rc8 29. Re3 Rh7 30.
Bc5 g5 31. Rh1 Rch8 32. Kg3 Ra8 1-0

[Event "NJSK 2022 Jeugd C"]
[Site "Almelo, Netherlands"]
[Date "2022.05.04"]
[Round "5.8"]
[White "Agarwal, Pranav"]
[Black "Ponomarev, Ivan"]
[Result "0-1"]
[TimeControl "90min + 30sec/move"]
[WhiteElo "1531"]
[BlackElo "1744"]

1. e3 d5 2. c4 e6 3. Nf3 Nf6 4. Nc3 c5 5. cxd5 exd5 6. d4 Nc6 7. Be2 cxd4 8. Nxd4 Bb4 9. Qa4 Bd7 10.
Nxc6 Bxc3+ 11. bxc3 Bxc6 12. Qb4 a5 13. Qa3 Qe7 14. Qxe7+ Kxe7 15. Ba3+ Kd7 16. f3 Rhe8 17. Kf2 Kc7 18.
Bc5 Nd7 19. Bd4 f6 20. Rab1 Re6 21. c4 dxc4 22. Bxc4 Re7 23. Rhc1 Rae8 24. Rb3 a4 25. Rb4 Ne5 26. Bb5 Ra8 27.
Be2 Kd8 28. f4 Nd7 29. Rd1 Ke8 30. Bh5+ g6 31. Be2 Kf7 32. Bc4+ Kg7 33. g4 h6 34. h4 Kh7 35. h5 gxh5 36.
Bd3+ Kh8 37. g5 hxg5 38. fxg5 Ne5 39. Be2 fxg5 40. Rg1 Rf8+ 41. Ke1 g4 42. Bc5 Nf3+ 43. Kf2 Nxg1+ 44. Kxg1 Ref7 45.
Rd4 Re8 46. Rd6 Kh7 47. Bd3+ Be4 48. Bc4 Rc7 49. Bb5 Rec8 50. Bd4 Rc1+ 51. Kf2 Rf8+ 52. Kg3 Rg1+ 53. Kh4 Rh1+ 54. Kg5 Rf5# 0-1

[Event "NJSK 2022 Jeugd C"]
[Site "Almelo, Netherlands"]
[Date "2022.05.04"]
[Round "5.9"]
[White "Lopes, Samuel"]
[Black "Mohebbinezhad, Parsa"]
[Result "1-0"]
[TimeControl "90min + 30sec/move"]
[WhiteElo "1600"]
[BlackElo "1600"]

1. e4 c6 2. d4 d5 3. exd5 cxd5 4. Bd3 Nf6 5. c3 Nc6 6. Bf4 Bg4 7. Qb3 Qd7 8. Nd2 Nh5 9. Be3 Qc7 10.
f3 Bd7 11. Qxd5 Nf6 12. Qb3 Na5 13. Qc2 e6 14. Ne2 Bd6 15. g3 b6 16. Ne4 Nd5 17. Nxd6+ Qxd6 18. Bf4 Nxf4 19. Nxf4 h6 20.
Nh5 O-O 21. O-O Nc6 22. f4 f5 23. g4 fxg4 24. Be2 Be8 25. Bxg4 Bxh5 26. Bxh5 Rxf4 27. Rxf4 Qxf4 28. Qg2 Rc8 29.
Rf1 Qe3+ 30. Kh1 Kh8 31. Bg6 Kg8 32. Rg1 e5 33. Bh7+ Kf7 34. Qxg7+ Ke8 35. Qg8+ Ke7 36. Rg7+ Kd6 37. Rg6+ Kc7 38. Rxc6+ Kxc6 39.
Qxc8+ Kb5 40. a4+ Kxa4 41. Qc4+ Ka5 42. b4+ Ka4 43. Bc2+ 1-0

[Event "NJSK 2022 Jeugd C"]
[Site "Almelo, Netherlands"]
[Date "2022.05.04"]
[Round "5.10"]
[White "Terlouw, Wouter"]
[Black "Kumar, Prayan Sai"]
[Result "1-0"]
[TimeControl "90min + 30sec/move"]
[WhiteElo "1578"]
[BlackElo "1562"]

1. d4 Nf6 2. c4 e6 3. g3 d5 4. Bg2 Be7 5. Nf3 O-O 6. O-O dxc4 7. Nbd2 Nbd7 8. Nxc4 a6 9. a4 Rb8 10.
Qc2 c5 11. Bf4 Ra8 12. Rfd1 Nd5 13. Qc1 Nxf4 14. Qxf4 Qe8 15. Nfe5 Ra7 16. Rd3 f6 17. Nxd7 Bxd7 18. dxc5 Bxc5 19.
Qc7 Bc6 20. Na5 Qc8 21. Qxc8 Rxc8 22. Nxc6 bxc6 23. Rc1 Bb4 24. Rxc6 Rxc6 25. Bxc6 Rc7 26. Bf3 e5 27. b3 a5 28.
Rd8+ Kf7 29. Bd5+ Kg6 30. Bc4 Re7 31. f3 Bc5+ 32. Kg2 Kh6 33. g4 e4 34. f4 e3 35. Rd5 Bb4 36. Rh5+ Kg6 37.
f5# 1-0

[Event "NJSK 2022 Jeugd C"]
[Site "Almelo, Netherlands"]
[Date "2022.05.04"]
[Round "5.11"]
[White "Krylov, Philippe"]
[Black "Venema, Maxime"]
[Result "1-0"]
[TimeControl "90min + 30sec/move"]
[WhiteElo "1817"]
[BlackElo "1614"]

1. c4 Nf6 2. Nc3 g6 3. d4 Bg7 4. Nf3 d6 5. Bf4 Nbd7 6. e3 O-O 7. Be2 Re8 8. h3 h5 9. O-O c6 10.
b4 Nh7 11. Rc1 e5 12. Bh2 Qe7 13. Re1 e4 14. Nd2 Nhf6 15. Qc2 d5 16. cxd5 cxd5 17. Nb5 Nb6 18. Nc7 Bf5 19. Nxa8 Rxa8 20.
a3 Nh7 21. Qc7 Qd7 22. Qxd7 Bxd7 23. Rc7 Bc6 24. b5 Be8 25. Rec1 Bf8 26. Nb1 Ng5 27. Rxb7 Ne6 28. Rb8 Bd7 29.
Bd6 Kg7 30. Bxf8+ Nxf8 31. Rxa8 Nxa8 32. Nc3 Nb6 33. a4 Ne6 34. a5 Nc8 35. Nxd5 f5 36. b6 axb6 37. Nxb6 Nxb6 38. axb6 Nd8 39.
Rc7 1-0

[Event "NJSK 2022 Jeugd C"]
[Site "Almelo, Netherlands"]
[Date "2022.05.04"]
[Round "5.12"]
[White "Franco, Hugo"]
[Black "Bosma, Jonathan"]
[Result "1-0"]
[TimeControl "90min + 30sec/move"]
[WhiteElo "1441"]
[BlackElo "884"]

1. e4 e6 2. d4 d5 3. e5 c5 4. c3 Nc6 5. Nf3 cxd4 6.
cxd4 f6 7. Bb5 Qa5+ 8. Nc3 Bb4 9. exf6 Nxf6 10. Bxc6+ bxc6 11. Bd2 Bd6 12. Ne4 Qd8 13. Nxd6+ Qxd6 14. O-O O-O 15. a3 a5 16.
b4 Ne4 17. bxa5 Nxd2 18. Qxd2 c5 19. dxc5 Qxc5 20. Ng5 Rxa5 21. Qd3 g6 22. Qh3 Qe7 23. Qc3 Ra4 24. Nf3 Qf6 25. Qb3 Ra7 26.
a4 d4 27. Rad1 Rd7 28. Rd2 Kg7 29. Re1 Re8 30. Qc4 e5 31. Nxd4 Rxd4 32. Rxd4 exd4 33. Rxe8 Bg4 34. Re4 d3 35.
Qxd3 Bf5 36. g3 Qb6 37. Qc3+ Kf7 38. a5 Qb1+ 39. Re1 Qb7 40. Qc4+ Kf6 41. a6 Qf3 42. Qc5 g5 43. Qd6+ Be6 44. Qxe6+ Kg7 45. Qd6 Qf6 46. Qxf6+ Kxf6 47.
a7 Kg6 48. a8=Q Kh5 49. Qe8+ Kg4 50. h3+ Kf5 51. Qf7# 1-0

[Event "NJSK 2022 Jeugd C"]
[Site "Almelo, Netherlands"]
[Date "2022.05.05"]
[Round "6.1"]
[White "Zhu, Chenwu"]
[Black "De Winter, Arthur"]
[Result "0-1"]
[TimeControl "90min + 30sec/move"]
[WhiteElo "1968"]
[BlackElo "2138"]

1. e4 c5 2. Nf3 Nc6 3. d4 cxd4 4. Nxd4 Nf6 5. Nc3 e5 6. Ndb5 d6 7. Bg5 a6 8. Na3 b5 9. Nd5 Be7 10.
Bxf6 Bxf6 11. c3 Ne7 12. Nxf6+ gxf6 13. Nc2 Bb7 14. Bd3 d5 15. exd5 Qxd5 16. Ne3 Qe6 17. a4 Rd8 18. Qc2 e4 19. Be2 O-O 20. axb5 axb5 21. O-O f5 22. g3 Ng6 23. Ra5 f4 24.
gxf4 Nxf4 25. Rxb5 Ba6 26. Bc4 Qg6+ 27. Kh1 Bxb5 28. Rg1 Bxc4 29. Nxc4 Nh3 30. Rxg6+ fxg6 31. Qb3 Rd1+ 32. Kg2 Rg1+ 33.
Kxh3 Rf3+ 0-1

[Event "NJSK 2022 Jeugd C"]
[Site "Almelo, Netherlands"]
[Date "2022.05.05"]
[Round "6.2"]
[White "Van Batenburg, Mees"]
[Black "Van Arendonk, Polle"]
[Result "1/2-1/2"]
[TimeControl "90min + 30sec/move"]
[WhiteElo "1713"]
[BlackElo "1784"]

1. d4 Nf6 2. Nc3 d5 3. Bf4 c5 4. e3 cxd4 5. exd4 a6 6. Nf3 Nc6 7. Ne5 Bd7 8. g3 e6 9. Bg2 Be7 10.
O-O O-O 11. Ne2 Na5 12. c3 Bb5 13. Rc1 Rc8 14. b3 Nd7 15. Qd2 Nxe5 16. dxe5 Qc7 17. Rfd1 Bxe2 18. Qxe2 b5 19. h4 Nb7 20.
h5 h6 21. Qd2 Rfd8 22. b4 Rd7 23. Bf1 Bf8 24. a3 Nd8 25. c4 bxc4 26. Bxc4 Qa7 27. Be2 Rdc7 28. Rxc7 Rxc7 29. Rc1 Rxc1+ 30. Qxc1 a5 1/2-1/2

[Event "NJSK 2022 Jeugd C"]
[Site "Almelo, Netherlands"]
[Date "2022.05.05"]
[Round "6.3"]
[White "Kumar, Prajit Sai"]
[Black "Kurt, Sascha"]
[Result "1-0"]
[TimeControl "90min + 30sec/move"]
[WhiteElo "2042"]
[BlackElo "1834"]

1. d4 Nf6 2. Nf3 g6 3. Bg5 Bg7 4. Nbd2 d6 5. e4 O-O 6. c3 c5 7. dxc5 dxc5 8. Be2 Nc6 9. O-O Qc7 10.
Qc2 h6 11. Bh4 Nh5 12. Nc4 Be6 13. Ne3 Nf4 14. Bg3 Nxe2+ 15. Qxe2 Qa5 16. Nd5 Rac8 17. Nd2 Qd8 18. Ne3 b5 19.
f4 f6 20. Rfd1 Qb6 21. f5 gxf5 22. exf5 Bf7 23. Ne4 Ne5 24. Bxe5 fxe5 25. Kh1 Rcd8 26. Qg4 Kh7 27. Qh3 Rxd1+ 28. Rxd1 Rd8 29. Rf1 Kg8 30. f6 exf6 31. Qh4 h5 32. Nxf6+ Bxf6 33. Rxf6 Rd6 34. Qg5+ Bg6 35. Qxg6+ Kh8 36.
Rf8# 1-0

[Event "NJSK 2022 Jeugd C"]
[Site "Almelo, Netherlands"]
[Date "2022.05.05"]
[Round "6.4"]
[White "Lopes, Samuel"]
[Black "Smeets, Kobe"]
[Result "0-1"]
[TimeControl "90min + 30sec/move"]
[WhiteElo "1600"]
[BlackElo "1984"]

1. b3 d5 2. Bb2 c5 3. e3 Nc6 4. Bb5 Qc7 5. d3 a6 6. Bxc6+ Qxc6 7. Nf3 Nf6 8. h3 e6 9. c4 Be7 10.
O-O O-O 11. Nc3 b6 12. cxd5 exd5 13. Rc1 Bb7 14. d4 Rac8 15. Na4 Rfd8 16. Ba3 Ne4 17. Nd2 Qe6 18. Qe2 cxd4 19. Bxe7 Qxe7 20.
exd4 Qb4 21. Nf3 b5 22. Nc5 Nxc5 23. dxc5 d4 24. Qd2 Qa3 25. Nxd4 Rxc5 26. Rxc5 Qxc5 27. Ne6 Rxd2 28. Nxc5 Bc8 29.
Ne4 Rd4 30. Nc3 Kf8 31. Rd1 Rxd1+ 32. Nxd1 Ke7 33. Kf1 Kd6 34. Ke2 Kc5 35. Kd2 Kd4 36. Ne3 Be6 37. Nc2+ Ke4 38. Ke2 Bd5 39.
Nb4 Bb7 40. Nd3 Kd4 41. f3 Kc3 42. a4 Bd5 43. axb5 axb5 44. Nc5 Bxb3 45. Ne4+ Kc2 46. Nc5 Bc4 47. Ke3 b4 48. Kd4 b3 49. Na4 Bf1 50. g3 Bxh3 51. Ke3 b2 52. Nxb2 Kxb2 53.
f4 Be6 54. Ke4 h5 55. Ke5 g6 56. Kf6 Kc3 57. f5 Bxf5 58. Kxf7 Kd3 59. Kf6 Ke3 60. Kg5 Kf3 61. Kh4 Bc8 62.
g4 hxg4 63. Kg5 g3 64. Kh6 g2 65. Kg7 g1=Q 66. Kh8 Qa7 67. Kg8 Kf4 68. Kh8 Kf5 69. Kg8 Kf6 70. Kh8 Qg7# 0-1

[Event "NJSK 2022 Jeugd C"]
[Site "Almelo, Netherlands"]
[Date "2022.05.05"]
[Round "6.5"]
[White "Ponomarev, Ivan"]
[Black "Madularea, David"]
[Result "1/2-1/2"]
[TimeControl "90min + 30sec/move"]
[WhiteElo "1744"]
[BlackElo "1774"]

1. e4 c5 2. Nf3 d6 3. Bb5+ Bd7 4. Bxd7+ Qxd7 5. O-O Nf6 6. Qe2 Nc6 7. c3 e6 8. d4 cxd4 9. cxd4 d5 10.
e5 Ne4 11. Be3 Be7 12. Ne1 h5 13. f3 Ng5 14. Nc3 f5 15. Nd3 Nf7 16. f4 a6 17. a4 b6 18. Rfc1 h4 19. Rab1 Nb4 20.
Nxb4 Bxb4 21. b3 O-O 22. Qh5 Rfc8 23.
Ne2 Ba3 24. Rxc8+ Qxc8 25. Qxh4 Qc2 26. Qe1 Nh6 27. h3 Rc8 28. Kf2 Qe4 29. Rd1 a5 30. Qd2 Rc2 31. Qd3 Qxd3 32. Rxd3 Bb4 33.
Kf3 Kf7 34. g4 fxg4+ 35. hxg4 Nxg4 36. Kxg4 Rxe2 37. f5 exf5+ 38. Kxf5 g6+ 39. Kg4 Ke6 40. Kf3 Rc2 41. Kg4 Rg2+ 42.
Kf3 1/2-1/2

[Event "NJSK 2022 Jeugd C"]
[Site "Almelo, Netherlands"]
[Date "2022.05.05"]
[Round "6.6"]
[White "Kazarjan, Gachatur"]
[Black "Fallaux, Storm"]
[Result "1-0"]
[TimeControl "90min + 30sec/move"]
[WhiteElo "1661"]
[BlackElo "1459"]

1. e4 c5 2. Nf3 d6 3. d4 cxd4 4.
Nxd4 Nf6 5. Nc3 a6 6. f4 Nc6 7. Be3 e6 8. Be2 Nxd4 9. Bxd4 b5 10. Bf3 Bb7 11. Qe2 Rc8 12. Rd1 Qc7 13.
a3 Be7 14. O-O O-O 15. e5 Bxf3 16. Qxf3 Nd7 17. exd6 Bxd6 18. Ne4 Bc5 19. Nxc5 Nxc5 20. Qg4 f5 21. Qf3 Ne4 22. c3 Rfd8 23. Qe3 Qc4 24. Bb6 Rxd1 25. Rxd1 Qb3 26. Qe2 Qc4 27. Qxc4 bxc4 28.
Ba5 Rb8 29. Bb4 a5 30. Bxa5 Rxb2 31. g3 Rb3 32. Bb4 Nxc3 33. Rd8+ Kf7 34. Rc8 Nb5 35. Rxc4 Nxa3 36. Rc7+ Kg8 37.
Bd6 Nb5 38. Rc8+ Kf7 39. Be5 Rd3 40.
Rb8 Nd6 41. Rd8 Ke7 42. Ra8 Ne8 43. Kg2 Rd7 44. h3 Nf6 45. Ra3 Kf7 46. Kf3 Rd2 47. g4 Ne4 48. Ra7+ Ke8 49. gxf5 exf5 50.
Rxg7 Rf2+ 51. Ke3 Ra2 52. Rxh7 Ra3+ 53. Kd4 Ra4+ 54. Kd5 Ra6 55. h4 Nf6+ 56. Bxf6 Rxf6 57. Ke5 Ra6 58. Kxf5 Ra5+ 59.
Ke6 Ra6+ 60. Kf5 Ra5+ 61. Kg4 Ra4 62. Kg5 Ra5+ 63. f5 Kf8 64. Rb7 Rc5 65. h5 Rd5 66. h6 Kg8 67. Kg6 Rd8 68.
f6 Kh8 69. Rh7+ Kg8 70. f7+ Kf8 71. Rh8+ Ke7 72. Rxd8 Kxd8 73. f8=Q+ Kc7 74. h7 Kc6 75. h8=Q Kd5 76. Qh5+ Ke6 77.
Qf6+ Kd7 78. Qh7+ Ke8 79. Qfh8# 1-0

[Event "NJSK 2022 Jeugd C"]
[Site "Almelo, Netherlands"]
[Date "2022.05.05"]
[Round "6.7"]
[White "Dekker, Thiemen"]
[Black "Terlouw, Wouter"]
[Result "1-0"]
[TimeControl "90min + 30sec/move"]
[WhiteElo "1935"]
[BlackElo "1578"]

1. e4 c5 2. Nf3 Nc6 3. d4 cxd4 4.
Nxd4 g6 5. c4 Bg7 6. Be3 Nf6 7. Nc3 Ng4 8. Qxg4 Nxd4 9. Qd1 Ne6 10. Rc1 Qa5 11. a3 d6 12. Be2 Bd7 13. O-O Bc6 14.
f3 O-O 15. Qd2 Rfe8 16. Rfd1 Ba4 17. b4 Qa6 18. c5 Qc6 19. b5 Bxc3 20. Rxc3 Bxb5 21. cxd6 Qa6 22. Bxb5 Qxb5 23. d7 Red8 24.
f4 b6 25. f5 Nc5 26. Bxc5 bxc5 27. fxg6 hxg6 28. Rh3 Qc6 29. e5 Qe4 30. Qc3 Rab8 31. e6 f6 32. Qd3 Qxd3 33. Rdxd3 Rb6 34.
Rhe3 Kg7 35. g4 g5 36. Kf2 Kg6 37. Rd5 Rc6 38. Ke2 c4 39. Kd2 f5 40. Rxf5 c3+ 41. Kc2 Rc4 42. Rxc3 Rxg4 43.
Rf2 Rh4 44. Rc8 Rhh8 45. Rxd8 Rxd8 46. Kc3 g4 47. Kc4 1-0

[Event "NJSK 2022 Jeugd C"]
[Site "Almelo, Netherlands"]
[Date "2022.05.05"]
[Round "6.8"]
[White "Zecha, Oscar"]
[Black "Arnold, Rhys"]
[Result "1-0"]
[TimeControl "90min + 30sec/move"]
[WhiteElo "1826"]
[BlackElo "1846"]

1. d4 d5 2. c4 c6 3. Nf3 Nf6 4. e3 e6 5. b3 Nbd7 6. Bd3 Bd6 7. Bb2 dxc4 8. Bxc4 Qc7 9. h3 O-O 10.
O-O b6 11. Nbd2 Bb7 12. Rc1 Rad8 13. Qc2 e5 14. Bd3 exd4 15. Nxd4 Ne5 16. Be2 Nd5 17. a3 Rfe8 18. N2f3 Rc8 19.
Nf5 Nxf3+ 20. Bxf3 Be5 21. Bxd5 cxd5 22. Qxc7 Bxc7 23. Nxg7 Red8 24. Nf5 Bd6 25. Rxc8 Bxc8 26. Nxd6 Rxd6 27.
Rc1 Rd8 28. Bf6 Re8 29. Rc7 a6 30. Rc6 b5 31. Rd6 Bb7 32. Rd7 Bc8 33. Rxd5 h6 34. h4 Be6 35. Rd3 h5 36. b4 Kh7 37.
Rd6 Ra8 38. e4 a5 39. f4 axb4 40. axb4 Bc4 41. f5 Re8 42. Rd7 Rg8 43. Kf2 Rg4 44. g3 Rg8 45. e5 Kh6 46. Bg5+ Rxg5 47.
hxg5+ Kxg5 48. Rc7 Kxf5 49. Rc5 Ke4 50. e6 fxe6 51. Rxh5 e5 52. Rh3 Kf5 53. Ke3 Bf1 54. Rh5+ Kf6 55.
Rh8 Bc4 56. Ke4 Be2 57. Re8 Kg5 58. Kxe5 Kg4 59. Rg8+ Kf3 60. Kd4 Bc4 61. Rg7 Ke2 62. Kc5 1-0

[Event "NJSK 2022 Jeugd C"]
[Site "Almelo, Netherlands"]
[Date "2022.05.05"]
[Round "6.9"]
[White "Folkers, Sono"]
[Black "Agarwal, Pranav"]
[Result "0-1"]
[TimeControl "90min + 30sec/move"]
[WhiteElo "1519"]
[BlackElo "1531"]

1. d4 Nf6 2. Nf3 e6 3. Bg5 c5 4. e4 Be7 5. Bd3 c4 6. Bxc4 Nxe4 7. Be3 d5 8. Bd3 O-O 9. Nbd2 f5 10. Bf4 g5 11. Be5 g4 12.
Ng1 Nc6 13. g3 Nxe5 14. dxe5 Qb6 15. Bxe4 fxe4 16. Qxg4+ Kh8 17. O-O-O Bd7 18. Nh3 Rg8 19. Qh5 a5 20. Nxe4 Be8 21.
Qf3 dxe4 22. Qxe4 Rc8 23. f4 Bg6 24. f5 Bxf5 25. Qe2 Bxc2 26. Qxc2 Qe3+ 27. Kb1 Rxc2 28. Kxc2 Qe4+ 29. Kb3 a4+ 0-1

[Event "NJSK 2022 Jeugd C"]
[Site "Almelo, Netherlands"]
[Date "2022.05.05"]
[Round "6.10"]
[White "Mohebbinezhad, Parsa"]
[Black "Venema, Maxime"]
[Result "0-1"]
[TimeControl "90min + 30sec/move"]
[WhiteElo "1600"]
[BlackElo "1614"]

1. e4 c5 2. Nf3 d6 3. d4 cxd4 4.
Nxd4 Nf6 5. Nc3 a6 6. Bc4 e6 7. Be3 b5 8. Bb3 b4 9. Nce2 Nxe4 10. f3 Nc5 11. Qd2 e5 12. Bd5 exd4 13.
Bg5 f6 14. Bxa8 fxg5 15. Qxb4 Bf5 16. Nxd4 Bxc2 17. O-O Bg6 18. Rfe1+ Be7 19. Bc6+ Nbd7 20. Ne6 Nxe6 21. Rxe6 O-O 22.
Rae1 Ne5 23. R1xe5 dxe5 24. Qxe7 Qd1+ 25. Kf2 Qd2+ 26. Kg3 Qe1+ 0-1

[Event "NJSK 2022 Jeugd C"]
[Site "Almelo, Netherlands"]
[Date "2022.05.05"]
[Round "6.11"]
[White "Bosma, Jonathan"]
[Black "Krylov, Philippe"]
[Result "0-1"]
[TimeControl "90min + 30sec/move"]
[WhiteElo "884"]
[BlackElo "1817"]

1. d4 d5 2. Bf4 Nf6 3. Nf3 c5 4.
e3 Nc6 5. c4 cxd4 6. exd4 Bg4 7. Be3 Qb6 8. b3 Bxf3 9. Qxf3 Nxd4 10. Bxd4 Qxd4 11. Nc3 Ne4 12. Qd3 Qxf2+ 13. Kd1 Qb2 14.
Nxe4 Qxa1+ 15. Ke2 dxe4 16. Qxe4 Rd8 17. Qxb7 Qd1+ 18. Kf2 Qd4+ 19. Kf3 Qd7 20. Qxd7+ Kxd7 21. c5 Kc7 22. Bb5 e6 23. b4 Rb8 24. a4 a6 25.
Bxa6 Rxb4 26. Bb5 Bxc5 27. Rc1 Kb6 28. Rd1 Rxb5 29. axb5 Kxb5 30. Rd7 Rf8 31. Ke4 Kc6 32. Rd3 Rb8 33.
h3 Rb4+ 34. Kf3 f6 35. Rd8 Rd4 36. Rh8 h6 37. Rg8 Rd7 38. g4 Kd5 39. Kf4 Bb4 40. Kg3 e5 41. Kh4 e4 42. Kh5 e3 43. h4 e2 44. g5 e1=Q 45. gxh6 gxh6 46.
Rg6 Qe2 47. Kxh6 Bf8+ 48. Rg7 Rxg7 0-1

[Event "NJSK 2022 Jeugd C"]
[Site "Almelo, Netherlands"]
[Date "2022.05.05"]
[Round "6.12"]
[White "Kumar, Prayan Sai"]
[Black "Franco, Hugo"]
[Result "1-0"]
[TimeControl "90min + 30sec/move"]
[WhiteElo "1562"]
[BlackElo "1441"]

1. d4 Nf6 2. Nf3 e6 3. Bf4 c5 4. e3 b6 5. Nbd2 Be7 6. Bd3 Bb7 7. O-O O-O 8. c3 d6 9. Qe2 Nbd7 10.
e4 Nh5 11. Be3 h6 12. Ne1 Nhf6 13. f4 Qc7 14. Nef3 d5 15. e5 Ne4 16. g4 f6 17. Bf2 fxe5 18. fxe5 Nxd2 19. Nxd2 a6 20.
h4 Rfe8 21. g5 hxg5 22. Bg6 Red8 23. Qh5 Nf8 24. Bf7# 1-0

[Event "NJSK 2022 Jeugd C"]
[Site "Almelo, Netherlands"]
[Date "2022.05.05"]
[Round "7.1"]
[White "De Winter, Arthur"]
[Black "Van Arendonk, Polle"]
[Result "1-0"]
[TimeControl "90min + 30sec/move"]
[WhiteElo "2138"]
[BlackElo "1784"]

1. e4 e6 2. d4 d5 3. Nc3 Bb4 4. Nge2 dxe4 5. a3 Ba5 6. b4 Bb6 7. Nxe4 Nf6 8. Bg5 Nbd7 9. c4 a6 10.
g3 h6 11. Nxf6+ Nxf6 12. Bf4 c6 13. Bg2 Nh5 14. Be5 f6 15. Nf4 Nxf4 16. Bxf4 O-O 17. c5 Bc7 18. Bxc7 Qxc7 19. Qb3 Bd7 20.
O-O Kh8 21. a4 Rfe8 22. Rad1 Rad8 23. Rfe1 Bc8 24. Bf1 e5 25. dxe5 Rxd1 26. Qxd1 Rxe5 27. Rxe5 fxe5 28. Qf3 Qe7 29.
Qe4 Qe6 30. Bd3 g6 31. Qxg6 Qxg6 32. Bxg6 Kg7 33. Be4 Be6 34. Kg2 Kf6 35. Kf3 Kg5 36. Ke3 Kf6 37. f4 Bb3 38. a5 Be6 39.
Kf3 Bd7 40. g4 Be6 41. h4 Bd7 42. g5+ hxg5 43. fxg5+ Kg7 44. h5 Be6 45. Kg3 Bd7 46. Kh4 Be6 47. h6+ Kf7 48. g6+ Kf6 49.
g7 Kf7 50. Bh7 Kf6 51. g8=Q Bxg8 52. Bxg8 e4 53. h7 Kg7 54. Kg4 1-0

[Event "NJSK 2022 Jeugd C"]
[Site "Almelo, Netherlands"]
[Date "2022.05.05"]
[Round "7.2"]
[White "Smeets, Kobe"]
[Black "Kumar, Prajit Sai"]
[Result "0-1"]
[TimeControl "90min + 30sec/move"]
[WhiteElo "1984"]
[BlackElo "2042"]

1. e4 c6 2. d4 d5 3. Nc3 dxe4 4.
Nxe4 Nf6 5. Nxf6+ exf6 6. c3 Bd6 7. Bd3 O-O 8. Qc2 Re8+ 9. Ne2 h5 10. O-O h4 11. h3 Nd7 12. Bd2 Nf8 13.
Rae1 Bc7 14. c4 g6 15. f4 f5 16. b4 a5 17. a3 Ne6 18. Qc3 b6 19. Bc1 Bb7 20. Bb2 Kh7 21. c5 Qd7 22.
d5 Qxd5 23. Bc4 Qd7 24. Bxe6 fxe6 25. Nd4 e5 26. Nf3 Ba6 27. Ng5+ Kg8 28. fxe5 Qd3 29. Qxd3 Bxd3 30. Rf4 Bd8 31.
Nf3 Be4 32. Nd4 axb4 33. axb4 bxc5 34. bxc5 Ra2 35. Rf2 Be7 36. Rc1 Bg5 37. Rc3 Rb8 38. Bc1 Ra1 39. Rf1 Ra2 40. Rf2 Ra1 41.
Rf1 Rbb1 42. Nb3 Rxb3 43. Rxb3 Rxc1 44. Rxc1 Bxc1 45. Rb7 Be3+ 46. Kf1 Bd5 47. Rc7 Bxc5 48. Rd7 Bc4+ 49. Ke1 Bb4+ 50.
Kf2 Bc3 51. Rd6 Bf7 52. Rxc6 Bxe5 53. Rc2 Bd5 54. Rd2 Be4 55. Rd7 Bc6 56. Rd2 Kf7 57. Ra2 Bd5 58. Rd2 Be4 59. Rd1 Kf6 60.
Rd2 Kg5 61. Rd1 Kf4 62. Rd2 Bb8 63. Ra2 Bd6 64. Kg1 Kg3 65. Rb2 Bc5+ 66. Kh1 f4 67. Rb5 0-1

[Event "NJSK 2022 Jeugd C"]
[Site "Almelo, Netherlands"]
[Date "2022.05.05"]
[Round "7.3"]
[White "Van Batenburg, Mees"]
[Black "Zhu, Chenwu"]
[Result "1-0"]
[TimeControl "90min + 30sec/move"]
[WhiteElo "1713"]
[BlackElo "1968"]

1. d4 d5 2. Nc3 Nf6 3. Bf4 e6 4. e3 Bd6 5. Nf3 c5 6. dxc5 Bxf4 7. exf4 Qc7 8. Qd4 Nc6 9. Bb5 Bd7 10. Bxc6 Bxc6 11. O-O O-O 12.
Ne5 Nd7 13. b4 f6 14. Nxd7 Qxd7 15. a4 a6 16. Rfe1 Rae8 17. Qd3 d4 18. Rad1 Bxa4 19. Qxd4 Qxd4 20. Rxd4 Bxc2 21. Rd6 Kf7 22.
Rc1 Bf5 23. b5 axb5 24. Nxb5 Ke7 25. Nd4 Rc8 26. Rb6 Rb8 27. c6 Rfc8 28. f3 Rc7 29. Nb5 Rxc6 30. Rcxc6 bxc6 31. Rxb8 cxb5 32.
Rxb5 Kf7 33. Kf2 Bd3 34. Rb7+ Kg6 35. Ke3 Bc4 36. g4 h5 37. h3 h4 38. Kf2 Bd5 39. Rb8 Kh7 40. Rf8 Bc4 41. Rd8 Bb3 42. Ke3 Ba4 43. g5 fxg5 44. fxg5 Bc2 45.
f4 Bf5 46. Rd2 Bxh3 47. Rh2 Bf5 48. Rxh4+ Kg6 49. Kd4 Kf7 50. Ke5 Ke7 51. Rh1 Ke8 52. Ra1 Bg4 53. Ra7 Kf8 54. g6 Bf5 55.
Kd6 Bxg6 56. Kxe6 Kg8 57. f5 Bh5 58. Ra8+ Kh7 59. Ra1 Bg4 60. Rg1 Be2 61. Kf7 Bc4+ 62. Kf8 Kh6 63. Rxg7 Bd3 64.
f6 Bg6 65. Rxg6+ Kxg6 66. f7 Kf6 67.
Ke8 Kg6 68. f8=Q 1-0

[Event "NJSK 2022 Jeugd C"]
[Site "Almelo, Netherlands"]
[Date "2022.05.05"]
[Round "7.4"]
[White "Madularea, David"]
[Black "Kazarjan, Gachatur"]
[Result "1-0"]
[TimeControl "90min + 30sec/move"]
[WhiteElo "1774"]
[BlackElo "1661"]

1. e4 Nf6 2. e5 Nd5 3. d4 d6 4. c4 Nb6 5. exd6 cxd6 6. Nc3 g6 7. h3 Bg7 8. Nf3 O-O 9. Be2 Nc6 10.
Be3 e5 11. d5 Ne7 12. b4 Re8 13. O-O f5 14. c5 f4 15. cxd6 Nf5 16. Bc5 e4 17. Nd4 Nxd4 18. Bxd4 f3 19.
Bb5 Qg5 20. g3 Qf5 21. Re1 Bd7 22. Bxd7 Nxd7 23. Kh2 Bf8 24. Qb1 Bxd6 25. Nxe4 Qxd5 26. Nxd6 Qxd4 27. Qb3+ Kh8 28. Nf7+ Kg7 29.
Qxf3 Nf6 30. Ng5 Qb6 31. Rad1 Kg8 32. Rxe8+ Rxe8 33. Rd7 Rf8 34. Rxb7 Qa6 35. Qb3+ Kh8 36. Rf7 Rxf7 37. Qxf7 Qd6 38.
Qxh7+ 1-0

[Event "NJSK 2022 Jeugd C"]
[Site "Almelo, Netherlands"]
[Date "2022.05.05"]
[Round "7.5"]
[White "Agarwal, Pranav"]
[Black "Dekker, Thiemen"]
[Result "1/2-1/2"]
[TimeControl "90min + 30sec/move"]
[WhiteElo "1531"]
[BlackElo "1935"]

1. Nf3 Nf6 2. d4 d5 3. c4 e6 4. Nc3 a6 5. Bf4 dxc4 6. e4 b5 7. e5 Nd5 8. Nxd5 Qxd5 9. Be2 Bb7 10.
O-O Nc6 11. b3 cxb3 12. axb3 Ne7 13. Ne1 Qd7 14. Bf3 Nd5 15. Rc1 Be7 16. Nd3 b4 17. Bd2 a5 18. Nc5 Bxc5 19. Rxc5 c6 20. Bxd5 exd5 21. f4 Qf5 22. Be3 h5 23.
Qa1 Qd3 24. Rf3 g6 25. h3 a4 26. Bf2 Qa6 27. bxa4 Qxa4 28. Qxa4 Rxa4 29. Rb3 Kd7 30. Be1 Ba6 31. Rxb4 Rxb4 32.
Bxb4 Bb5 33. Rc2 Ra8 34. Bc3 Ra3 35. Bb4 Ra4 36. Bc5 Ke6 37. Kf2 Kf5 38. Rc3 Ra1 39. Rf3 Rf1+ 40. Kg3 h4+ 41.
Kxh4 Rxf3 42. gxf3 Kxf4 43. Bd6 Kf5 44. f4 1/2-1/2

[Event "NJSK 2022 Jeugd C"]
[Site "Almelo, Netherlands"]
[Date "2022.05.05"]
[Round "7.6"]
[White "Fallaux, Storm"]
[Black "Ponomarev, Ivan"]
[Result "1/2-1/2"]
[TimeControl "90min + 30sec/move"]
[WhiteElo "1459"]
[BlackElo "1744"]

1. e4 c5 2. Nf3 e6 3. d4 cxd4 4.
Nxd4 Nc6 5. Nc3 a6 6. Be2 Qc7 7. f4 d6 8. Bf3 Nf6 9. Nxc6 bxc6 10. Be3 d5 11. O-O Be7 12. exd5 cxd5 13.
Na4 O-O 14. c4 Bb7 15. Rc1 dxc4 16. Bxb7 Qxb7 17. Rxc4 Rac8 18. Nb6 Rxc4 19. Nxc4 Rd8 20. Qf3 Qb5 21. b3 Bc5 22. Rd1 Rxd1+ 23. Qxd1 Bxe3+ 24. Nxe3 h6 25. Nc4 Qc5+ 26. Kf1 Nd5 27.
g3 Ne3+ 28. Nxe3 Qxe3 29. Qe2 Qc1+ 30. Kg2 a5 31. Qf2 Qc7 32. Qe2 Qc6+ 33. Qf3 Qc5 34. Qa8+ Kh7 35. Qe4+ Kg8 1/2-1/2